Map: Arctic Dream LE

Players

SpaceRU

  • Race: Protoss Protoss
  • League: Platinum
  • Spawn Location: 11:00

gosha

  • Race: Terran Terran
  • League: Diamond
  • Spawn Location: 12:00

qqq - Winner!

  • Race: Zerg Zerg
  • League: Platinum
  • Spawn Location: 6:00

Massa - Winner!

  • Race: Terran Terran
  • League: Platinum
  • Spawn Location: 5:00

VOD

Have the link to the VOD?

Description

Time

  • Played on: Dec. 8, 2020, 5:57 a.m.
  • Length: 5:00
Show
View Real Time Build Order
Export as new Build Order

SpaceRU Protoss 

Build Orders:  

Get SALT Encoding   

  12  0:00  Probe  
  13  0:12  Probe  
  14  0:18  Pylon  
  14  0:24  Probe (Chrono Boost)  
  15  0:37  Probe (Chrono Boost)  
  15  0:38  Gateway  
  16  0:45  Probe (Chrono Boost)  
  16  0:46  Assimilator  
  17  0:51  Probe  
  18  1:03  Probe  
  19  1:16  Probe  
  20  1:27  Cybernetics Core  
  20  1:28  Probe  
  21  1:40  Probe  
  22  1:50  Nexus  
  22  1:52  Probe, Pylon  
  23  1:59  Assimilator  
  23  2:03  Warp Gate  
  23  2:10  Probe, Adept (Chrono Boost)  
  26  2:22  Probe  
  27  2:39  Probe  
  27  2:40  Stalker (Chrono Boost)  
  30  2:48  Forge  
  30  2:49  Twilight Council  
  30  2:53  Probe (Chrono Boost)  
  31  3:04  Probe (Chrono Boost)  
  33  3:05  Probe (Chrono Boost)  
  33  3:08  Probe (Chrono Boost)  
  34  3:13  Probe  
  33  3:28  Probe x2  
  33  3:30  Stalker  
  37  3:40  Probe x2  
  39  3:46  Robotics Facility  
  39  3:48  Pylon  
  39  3:54  Probe x2  
  41  3:56  Pylon  
  41  4:04  Gateway  
  41  4:06  Probe x2  
  43  4:12  Stalker  
  45  4:18  Gateway  
  45  4:21  Gateway  
  45  4:24  Shield Battery  
  39  4:39  Stalker  
  39  4:45  Shield Battery  
  39  4:46  Pylon  
  39  4:48  Pylon  
Show
View Real Time Build Order
Export as new Build Order

gosha Terran 

Build Orders: 2 Factory, Gas First Reaper Expand 

Get SALT Encoding   

  12  0:01  SCV  
  13  0:13  SCV  
  14  0:18  Supply Depot  
  14  0:26  SCV  
  15  0:31  Refinery  
  15  0:40  SCV  
  16  0:45  Barracks  
  16  0:52  SCV  
  17  1:00  Refinery  
  18  1:04  SCV  
  18  1:21  SCV  
  19  1:28  Supply Depot  
  19  1:46  Reaper  
  20  1:52  Factory  
  20  1:55  Orbital Command  
  20  2:08  Command Center  
  20  2:19  Barracks Reactor  
  20  2:23  SCV  
  21  2:53  SCV  
  22  3:04  Factory  
  22  3:11  Hellion  
  22  3:12  SCV, Hellion  
  26  3:24  Supply Depot  
  26  3:25  Orbital Command  
  26  3:26  SCV  
  27  3:31  Barracks Tech Lab  
  27  3:33  Hellion x2  
  31  3:39  SCV  
  32  3:54  SCV x2  
  34  4:01  Refinery  
  34  4:02  Hellion x2  
  38  4:03  Siege Tank  
  41  4:10  SCV x2  
  41  4:14  Supply Depot  
  43  4:19  Armory  
  41  4:25  Armory  
  41  4:35  Hellion  
Show
View Real Time Build Order
Export as new Build Order

qqq Zerg - Winner!

Build Orders: Hatch First 

Get SALT Encoding   

  12  0:01  Drone  
  13  0:10  Drone  
  14  0:24  Overlord  
  14  0:46  Hatchery  
  13  1:21  Drone x3  
  16  1:33  Spawning Pool  
  16  1:34  Drone  
  16  1:35  Extractor  
  16  1:47  Drone  
  16  1:57  Drone  
  16  1:59  Drone  
  18  2:07  Drone  
  19  2:21  Drone x2  
  21  2:24  Queen  
  21  2:26  Queen  
  24  2:32  Drone  
  24  2:33  Drone  
  24  2:34  Drone  
  27  2:37  Overlord  
  27  2:43  Metabolic Boost  
  27  2:48  Drone  
  27  2:51  Overlord  
  28  2:56  Zergling x2  
  29  3:04  Zergling x2  
  30  3:05  Zergling x2  
  30  3:12  Zergling x2  
  31  3:20  Zergling x2  
  31  3:30  Drone  
  32  3:34  Lair  
  32  3:35  Zergling x4  
  32  3:36  Zergling x2  
  32  3:37  Zergling x10  
  40  3:52  Zergling x2  
  41  3:57  Drone  
  41  3:58  Drone  
  41  4:01  Zergling x2  
  44  4:14  Overlord x2  
  44  4:16  Hatchery  
  43  4:27  Zergling x2  
  43  4:42  Zergling x2  
Show
View Real Time Build Order
Export as new Build Order

Massa Terran - Winner!

Build Orders:  

Get SALT Encoding   

  12  0:00  SCV  
  13  0:12  SCV  
  14  0:17  Supply Depot  
  14  0:24  SCV  
  15  0:38  SCV  
  15  0:40  Barracks  
  16  0:49  Supply Depot  
  16  0:52  SCV  
  17  1:00  Refinery  
  17  1:04  SCV  
  17  1:10  Barracks  
  18  1:16  SCV  
  19  1:29  SCV  
  19  1:30  Barracks  
  20  1:36  Marine  
  21  1:44  Orbital Command  
  21  1:55  Reaper  
  21  1:59  Barracks Tech Lab  
  22  2:19  Marauder, Marine  
  25  2:26  Marine  
  26  2:37  Marine  
  26  2:39  Stimpack  
  26  2:40  Marine  
  26  2:42  Supply Depot  
  28  2:44  Supply Depot  
  28  2:46  Supply Depot  
  28  2:48  Supply Depot  
  28  2:51  Marine  
  28  2:55  Marine  
  30  3:04  Marauder  
  32  3:09  Marine  
  33  3:13  Marine  
  34  3:26  Marauder  
  36  3:28  Marine  
  36  3:31  Marine  
  38  3:46  Marine  
  38  3:47  Marauder  
  41  3:49  Marine  
  42  4:02  Command Center  
  42  4:04  Marine  
  42  4:07  Marine  
  42  4:08  SCV  
  42  4:09  Marauder  
  47  4:30  Marauder, Marine x2  
Tags
 
Add a new tag
Caveats
  • Supply blocks, unpowered buildings, or Contaminate may cause inaccurate times.
  • Supply counts are checked every 10 seconds.